 Dungeon Crawl Stone Soup version 0.31-a0-210-gccc998df9b (webtiles) character file.

Game seed: 17359654719077074027

2 ketsa the Trooper (level 1, 20/20 HPs)
             Began as a Hill Orc Fighter on June 30, 2023.
             Was a Follower of Vehumet.
             Got out of the dungeon alive.
             The game lasted 00:00:30 (343 turns).

ketsa the Trooper (Hill Orc Fighter)                 Turns: 343, Time: 00:00:30

Health: 20/20      AC:  6    Str: 18    XL:     1   Next: 30%
Magic:  1/1        EV:  9    Int:  8    God:    Vehumet [*.....]
Gold:   0          SH:  4    Dex: 10    Spells: 0/0 levels left

rFire   . . .        a - +0 war axe
rCold   . . .        c - +0 buckler
rNeg    . . .        b - +0 scale mail
rPois   .            (no helmet)
rElec   .            (no cloak)
rCorr   .            (no gloves)
SInv    .            (no boots)
Will    .....        (no amulet) Stlth
                     (no ring)
HPRegen 0.23/turn    (no ring)
MPRegen 0.07/turn

%: no passive effects
@: no status effects
A: no striking features
a: Renounce Religion


You escaped.
You worshipped Vehumet.
Vehumet was aware of your devotion.
You visited 1 branch of the dungeon, and saw 1 of its levels.

Inventory:

Hand Weapons
 a - a +0 war axe (weapon)
Armour
 b - a +0 scale mail (worn)
 c - a +0 buckler (worn)
Scrolls
 e - a scroll of silence {unknown}
 f - a scroll of enchant armour {unknown}
Potions
 d - a potion of might


   Skills:
 + Level 3.6 Fighting
 * Level 2.8 Axes
 + Level 3.3 Armour
 + Level 3.3 Shields


You couldn't memorise any spells.
You didn't know any spells.
Your spell library was empty.

Dungeon Overview and Level Annotations

Branches:
Dungeon (1/15)

Altars:
Vehumet


Message History

You open the door.
There is an open door here.
e - a scroll labelled IRO TURETUFO You open the door.
There is an open door here.
Found an escape hatch in the floor.
There is an open door here.
f - a scroll labelled SYTEBIKKAE
Found a stone staircase leading down.
A hobgoblin comes into view.
A hobgoblin is nearby!
You closely miss the hobgoblin. The hobgoblin barely misses you.
You hit the hobgoblin.
You kill the hobgoblin!
A ball python comes into view.
The ball python hisses angrily.
You see here a hobgoblin corpse.
The ball python bites you but does no damage.
The ball python barely misses you.
You barely miss the ball python. You block the ball python's attack.
The ball python barely misses you.
The ball python bites you but does no damage.
The ball python closely misses you.
You slash the ball python!
You kill the ball python!
You see here a hobgoblin corpse.
There is a stone staircase leading down here.
Found a faded altar of an unknown god.
Found a scroll labelled PUARAO JUSIOGH.
There is a faded altar of an unknown god here.
This altar belongs to (a) Xom, (b) Trog or (c) Vehumet, but you can't tell which.
Press the corresponding letter to learn more about a god, or press enter to convert or escape to cancel.
Vehumet accepts your prayer! Vehumet welcomes you!
You can now gain magical power from killing.
Vehumet offers you knowledge of Sandblast.
There is a stone staircase leading down here.
There is an open door here.
There is a staircase leading out of the dungeon here.
Are you sure you want to leave the Dungeon?
This will make you lose the game!
You have escaped!

############## #......#
#... #.####.# #.##
.###.####.# #.#
..........# #.#
.###.###..####.#
#.............#
##########...##.###
#..@..# #........#
#.###.# #.####...##
#.....# #.# #.....
###.### #.####..##. #'#
#........#.
#######.#######.###...#
................# #...#
.########.####### #...#
####.#### ....#


There were no monsters in sight!

Vanquished Creatures
  A hobgoblin (D:1)
  A ball python (D:1)
2 creatures vanquished.

Notes
Turn   | Place    | Note
-------+----------+-------------------------------------------
     0 | D:1      | ketsa the Hill Orc Fighter began the quest for the Orb.
     0 | D:1      | Reached XP level 1. HP: 19/19 MP: 1/1
   221 | D:1      | Found a faded altar of an unknown god.
   228 | D:1      | Prayed at the altar of an unknown god.
   228 | D:1      | Became a worshipper of Vehumet
   228 | D:1      | Reached * piety under Vehumet
   228 | D:1      | Offered knowledge of Sandblast by Vehumet.
   343 | D:$      | Got out of the dungeon alive.

Illustrated notes

Levels and vault maps discovered:
D:1:      dpeg_arrival_renting, layout_basic, serial_shops, shop,
          shapermc_ecumenical_altar_mp_ritualfount

Action                     || total
---------------------------++-------
  Melee: War axe           ||     4
 Armour: Scale mail        ||     2
  Dodge: Dodged            ||     4
  Block: Buckler           ||     1

Table legend: (Time is in decaauts)
 A = Elapsed time spent in this place.
 B = Non-inter-level travel time spent in this place.
 C = Inter-level travel time spent in this place.
 D = Time resting spent in this place.
 E = Time spent auto-exploring this place.
 F = Levels seen in this place.
 G = Mean time per level.
                   A        B        C        D        E       F      G
               +--------+--------+--------+--------+--------+-----+--------+
         Total |    344 |    231 |    113 |      0 |    209 |   1 |  344.0 |
       Dungeon |    344 |    231 |    113 |      0 |    209 |   1 |  344.0 |
               +--------+--------+--------+--------+--------+-----+--------+

Top non-repeatable levels by time:
     D:1: 344 daAuts
